Cogmind - Beta 11.1 @@@ ROGUE MODE // 2022.10.15 @ 20:46:34 Player: Beepinex Result: Destroyed by L-31 Rogue with Katana Performance ------------- Evolutions (2) 1000 Regions Visited (5) 1000 Robots Destroyed (57) 285 Value Destroyed (1680) 1680 Prototype IDs (1) 20 Alien Tech Used (0) 0 Bonus (585) 585 TOTAL SCORE: 4570 Bonus ------- High Alert Combat Kills 69 Follower Combat Kills 243 Aligned with FarCom 300 Friendly Fire -27 Cogmind --------- Core Integrity 0/550 Matter 300/300 Energy 240/240 System Corruption 0% Temperature Cool (0) Movement Walking (186) Ox1 Location -8/Materials Parts ------- > --- POWER (1) -------- Nuclear Core > --- PROPULSION (3) --- Aluminum Leg Aluminum Leg VSS Leg > --- UTILITY (5) ------ Improved Heat Sink Medium Storage Unit Visual Processing Unit Particle Charger Hardened Medium Armor Plating > --- WEAPON (2) ------- AWS/Thermal > --- INVENTORY (10) --- Nuclear Core Light Nuclear Core Aluminum Leg Improved Heat Sink Medium Storage Unit Plasma Cannon Missile Launcher Datajack Peak State ------------ > --- POWER ------------ Nuclear Core > --- PROPULSION ------- Aluminum Leg Aluminum Leg VSS Leg > --- UTILITY ---------- Improved Heat Sink Medium Storage Unit Visual Processing Unit Particle Charger Hardened Medium Armor Plating > --- WEAPON ----------- AWS/Thermal > --- INVENTORY -------- Nuclear Core Light Nuclear Core Aluminum Leg Aluminum Leg Improved Heat Sink Medium Storage Unit Plasma Cannon Missile Launcher Datajack [Rating: 38] Favorites ----------- Power Ion Engine Engine Ion Engine Power Core Light Nuclear Core Propulsion Aluminum Leg Treads Light Treads Leg Aluminum Leg Utility Medium Storage Unit Device Seismic Detector Storage Medium Storage Unit Processor Visual Processing Unit Protection Hardened Medium Armor Plating Weapon Beam Cannon Energy Gun Medium Laser Energy Cannon Beam Cannon Ballistic Gun Assault Rifle Build | -11 -10 -10 -10 -9 -8 ------- Run | Scr Mat Min Exi Min Mat Slots Evolved 4 | . . . . . 4 Power . | . . . . . . Propulsion 1 | . . . . . 1 Utility 3 | . . . . . 3 Weapon . | . . . . . . Parts Attached 60 | 7 12 4 . 1 36 Power 7 | 1 1 1 . . 4 Engine 4 | 1 1 1 . . 1 Core 3 | . . . . . 3 Reactor . | . . . . . . Propulsion 22 | 2 6 1 . . 13 Treads 3 | . 3 . . . . Leg 19 | 2 3 1 . . 13 Wheel . | . . . . . . Hover . | . . . . . . Flight . | . . . . . . Utility 19 | 2 2 2 . 1 12 Device 11 | 1 1 2 . 1 6 Storage 2 | 1 1 . . . . Processor 1 | . . . . . 1 Hackware . | . . . . . . Protection 5 | . . . . . 5 Artifact . | . . . . . . Weapon 12 | 2 3 . . . 7 Energy Gun 5 | 1 1 . . . 3 Energy Cannon 6 | . 2 . . . 4 Ballistic Gun 1 | 1 . . . . . Ballistic Cannon . | . . . . . . Launcher . | . . . . . . Special Weapon . | . . . . . . Impact Weapon . | . . . . . . Slashing Weapon . | . . . . . . Piercing Weapon . | . . . . . . Special Melee Weapon . | . . . . . . Unidentified Prototypes 1 | . . . . . 1 Parts Lost 18 | . 1 . . . 17 Power 3 | . 1 . . . 2 Propulsion 7 | . . . . . 7 Utility 6 | . . . . . 6 Weapon 2 | . . . . . 2 Highest Loss Streak 8 | . 1 . . . 8 To Critical Strikes . | . . . . . . Average Slot Usage (%) 89 | . 98 89 85 85 83 Engine 10 | . 13 14 14 14 3 Core 1 | . . . . . 4 Treads 4 | . 11 . . . . Leg 23 | . 15 28 28 28 25 Device 14 | . 13 14 14 14 16 Storage 12 | . 14 14 14 14 9 Processor 3 | . . . . . 9 Protection 2 | . . . . . 7 Energy Gun 1 | . 2 4 . . . Energy Cannon 11 | . 13 14 14 14 8 Ballistic Gun 3 | . 11 . . . . Naked Turns . | . . . . . . Heaviest Build 37 | 14 21 19 19 20 37 Greatest Support 40 | 20 40 20 20 20 40 Greatest Overweight (x) 6 | . 6 . . . 1 Average Overweight (x) . | . . . . . . Largest Inventory Capacity 10 | 8 10 10 10 10 10 Average Capacity 9 | 7 9 10 10 10 10 Most Carried 10 | 4 10 8 8 9 10 Average Carried 7 | 1 6 6 6 8 8 Final Capacity 10 | 8 10 10 10 10 10 Final Carried 9 | 2 8 6 8 9 8 Class Distribution -------------------- 75% | Mutant 24% | Scavenger-Mutant Dominant Class ---------------- Mutant | -10/Materials Mutant | -10/Mines Mutant | -10/Exiles Mutant | -9/Mines Scavenger-Mutant | -8/Materials Resources | -11 -10 -10 -10 -9 -8 ----------- Run | Scr Mat Min Exi Min Mat Matter Collected 747 | 160 213 52 . 10 312 Remotely . | . . . . . . Salvage Created 2355 | 29 573 214 . . 1539 Parts 116 | 5 37 7 . . 67 Haulers Intercepted 1 | . 1 . . . . Recyclers Shooed 2 | . 2 . . . . Parts Field Recycled . | . . . . . . Retrieved Matter . | . . . . . . Parts Self-Destructed . | . . . . . . Prevented . | . . . . . . Kills | -11 -10 -10 -10 -9 -8 ------- Run | Scr Mat Min Exi Min Mat Combat Hostiles Destroyed 42 | . 10 5 . . 27 Guns 11 | . . . . . 11 Cannons 28 | . 9 4 . . 15 Classes Destroyed 12 | 1 7 . . . 4 Worker 2 | . 1 . . . 1 Tunneler 1 | 1 . . . . . Hauler 1 | . 1 . . . . Recycler 5 | . 2 1 . . 2 Operator 3 | . 1 . . . 2 Watcher 3 | . 2 . . . 1 Swarmer 11 | . 5 3 . . 3 Grunt 24 | . 5 2 . . 17 Duelist 1 | . . . . . 1 Sentry 3 | . . . . . 3 Specialist 2 | . . . . . 2 Hunter 1 | . . . . . 1 Best Kill Streak 7 | 1 3 2 . . 7 Combat Bots Only 7 | . 3 2 . . 7 Max Kills in Single Turn 1 | 1 1 1 . . 1 Gunslinging . | . . . . . . Exploded . | . . . . . . Melee . | . . . . . . Uniques/NPCs Destroyed . | . . . . . . Combat | -11 -10 -10 -10 -9 -8 -------- Run | Scr Mat Min Exi Min Mat Damage Taken 3260 | . 502 368 . . 2390 Core 650 | . 36 55 . . 559 Absorbed by Shields . | . . . . . . Regen/Repaired (Parts) 77 | . 77 . . . . Core Remaining (%) 81 | 100 . . . 63 . Volleys Fired 196 | 8 59 32 . . 97 Largest 1 | 1 1 1 . . 1 Hottest 80 | 40 60 60 . . 80 Shots Fired 236 | 8 59 32 . . 137 Gun 48 | 8 . . . . 40 Cannon 188 | . 59 32 . . 97 Launcher . | . . . . . . Special . | . . . . . . Kinetic . | . . . . . . Thermal 236 | 8 59 32 . . 137 Explosive . | . . . . . . Electromagnetic . | . . . . . . Robot Hit Streak 17 | 1 6 11 . . 17 Robot Miss Streak 5 | 3 4 4 . . 5 Penetration Max . | . . . . . . Secondary Targets . | . . . . . . Autonomous 40 | . . . . . 40 Shots Hit Robots 170 | 3 38 23 . . 106 Core Hits 67 | 2 17 6 . . 42 Critical Kills 1 | . . 1 . . . Critical Parts Destroyed . | . . . . . . Critical Strikes 1 | . . 1 . . . Meltdown 1 | . . 1 . . . Melee Attacks . | . . . . . . Impact . | . . . . . . Slashing . | . . . . . . Piercing . | . . . . . . Sneak Attacks . | . . . . . . Combat Hostiles . | . . . . . . Follow-up Attacks . | . . . . . . Damage Inflicted 4084 | 43 762 407 . . 2872 Guns 1094 | 43 . . . . 1051 Cannons 2974 | . 754 407 . . 1813 Explosions . | . . . . . . Melee . | . . . . . . Ramming 16 | . 8 . . . 8 Kinetic . | . . . . . . Thermal 4068 | 43 754 407 . . 2864 Explosive . | . . . . . . Electromagnetic . | . . . . . . Impact . | . . . . . . Slashing . | . . . . . . Piercing . | . . . . . . Highest Corruption . | . . . . . . Average Corruption . | . . . . . . Corruption Purged . | . . . . . . Corruption Blocked . | . . . . . . Overload Shots . | . . . . . . Overflow Damage 29 | . . 6 . . 23 Projectiles 29 | . . 6 . . 23 Explosions . | . . . . . . Melee . | . . . . . . Knockbacks . | . . . . . . Impact . | . . . . . . Kinetic . | . . . . . . Secondary . | . . . . . . Self-Inflicted Damage . | . . . . . . Shots . | . . . . . . Rammed 1 | . 1 . . . . Targets Rammed 5 | . 1 . . . 4 Kicked 4 | . . . . . 4 Crushed . | . . . . . . Highest Temperature 317 | . 317 136 . . 194 Average Temperature 78 | . 102 88 . . 47 Received Heat Transfer 1593 | . 246 117 . . 1230 Effects 1 | . 1 . . . . Energy Bleed 1 | . 1 . . . . Siege Activations . | . . . . . . Robots Corrupted . | . . . . . . Combat Hostiles . | . . . . . . Parts Fried . | . . . . . . Impact Corruptions . | . . . . . . Robots Melted 3 | . 1 1 . . 1 Combat Hostiles 3 | . 1 1 . . 1 Parts Melted 17 | . 2 2 . . 13 Heat Transferred 7346 | 100 1591 851 . . 4804 Parts Sabotaged . | . . . . . . Parts Stolen . | . . . . . . Parts Stripped . | . . . . . . Power Chain Reactions . | . . . . . . Missiles Intercepted . | . . . . . . Alert | -11 -10 -10 -10 -9 -8 ------- Run | Scr Mat Min Exi Min Mat Peak Influence 459 | 5 134 166 . . 459 Initial 11 | . 3 11 . . . Average 117 | 1 55 76 . . 223 Maximum Alert Level 2 | . . . . . 2 Low Security (%) 79 | 100 100 100 . 100 45 Level 1 18 | . . . . . 47 Level 2 2 | . . . . . 6 Level 3 . | . . . . . . Level 4 . | . . . . . . Level 5 . | . . . . . . High Security . | . . . . . . Max Security . | . . . . . . Squads Dispatched 9 | . 2 . . . 7 Investigation 4 | . 1 . . . 3 Extermination . | . . . . . . Reinforcement 5 | . 1 . . . 4 Assault . | . . . . . . Garrison . | . . . . . . Intercept . | . . . . . . Searches Triggered . | . . . . . . Construction Impeded . | . . . . . . Haulers Reinforced . | . . . . . . Active Scanning Responses . | . . . . . . Cargo Convoy Interrupts . | . . . . . . Stealth | -11 -10 -10 -10 -9 -8 --------- Run | Scr Mat Min Exi Min Mat Distress Signals 4 | . 2 . . . 2 Communications Jammed 13 | . . . . . 13 Distress Signals 13 | . . . . . 13 Times Spotted 73 | . 16 7 . . 50 Peak Tracking Total 7 | . 3 3 . . 7 Tactical Retreats 3 | . . 1 . . 2 Traps | -11 -10 -10 -10 -9 -8 ------- Run | Scr Mat Min Exi Min Mat Traps Triggered 2 | . 1 . . . 1 Indirectly . | . . . . . . Trap Hack Attempts . | . . . . . . Triggered . | . . . . . . Disarmed . | . . . . . . Reprogrammed . | . . . . . . Reused . | . . . . . . Traps Extracted . | . . . . . . Installed . | . . . . . . Triggered . | . . . . . . Machines | -11 -10 -10 -10 -9 -8 ---------- Run | Scr Mat Min Exi Min Mat Machines Disabled 1 | . . . . . 1 Max in Single Turn 1 | . . . . . 1 Machines Sabotaged . | . . . . . . Garrisons Compromised . | . . . . . . Overloaded Fab Kills . | . . . . . . Hacking | -11 -10 -10 -10 -9 -8 --------- Run | Scr Mat Min Exi Min Mat Machines Accessed 14 | . 6 . . . 8 Terminals 10 | . 4 . . . 6 Fabricators . | . . . . . . Repair Stations 1 | . 1 . . . . Recycling Units 3 | . 1 . . . 2 Scanalyzers . | . . . . . . Garrison Access . | . . . . . . Total Hacks 49 | . 26 . . . 23 Successful 24 | . 14 . . . 10 Failed 25 | . 12 . . . 13 Catastrophic 3 | . 1 . . . 2 Database Lockouts . | . . . . . . Manual 43 | . 19 . 1 . 23 Terminals 30 | . 14 . . . 16 Fabricators . | . . . . . . Repair Stations 7 | . 7 . . . . Recycling Units 12 | . 5 . . . 7 Scanalyzers . | . . . . . . Garrison Access . | . . . . . . Terminal Hacks 2 | . 2 . . . . Branch Access Points 1 | . 1 . . . . Terminal Index 1 | . 1 . . . . Fabricator Hacks . | . . . . . . Repair Station Hacks 5 | . 5 . . . . Scan Component 3 | . 3 . . . . Repair 2 | . 2 . . . . Recycling Unit Hacks . | . . . . . . Scanalyzer . | . . . . . . Garrison Access Hacks . | . . . . . . Unauthorized Hacks 17 | . 7 . . . 10 Terminals 11 | . 5 . . . 6 Track 6 | . 3 . . . 3 Botnet 5 | . 2 . . . 3 Fabricators . | . . . . . . Repair Stations . | . . . . . . Recycling Units 6 | . 2 . . . 4 Reject 3 | . 1 . . . 2 Recyclers 2 | . 1 . . . 1 Mask 1 | . . . . . 1 Scanalyzers . | . . . . . . Garrison Access . | . . . . . . Data Cores Recovered . | . . . . . . Used . | . . . . . . Hacking Detections 14 | . 6 . . . 8 Full Trace Events 4 | . 1 . . . 3 Feedback Events . | . . . . . . Feedback Blocked . | . . . . . . Robot Schematics Acquired . | . . . . . . Robots Built . | . . . . . . Authchips . | . . . . . . Time . | . . . . . . Total Robot Build Rating . | . . . . . . Part Schematics Acquired . | . . . . . . Parts Built . | . . . . . . Authchips . | . . . . . . Time . | . . . . . . Total Part Build Rating . | . . . . . . Parts Repaired 2 | . 2 . . . . Time 62 | . 62 . . . . Parts Recycled . | . . . . . . Recycled Matter . | . . . . . . Retrieved Matter . | . . . . . . Retrieved Components . | . . . . . . Parts Scanalyzed . | . . . . . . Part Schematics Acquired . | . . . . . . Parts Damaged . | . . . . . . Bothacking | -11 -10 -10 -10 -9 -8 ------------ Run | Scr Mat Min Exi Min Mat Used RIF Installer . | . . . . . . Robots Hacked . | . . . . . . Non-combat . | . . . . . . Combat . | . . . . . . Robot Hacks Applied . | . . . . . . Relay Couplers Released . | . . . . . . Fabnet Peak Effective % . | . . . . . . Robots Rewired . | . . . . . . Allies Hacked . | . . . . . . Hacks Repelled . | . . . . . . Allies | -11 -10 -10 -10 -9 -8 -------- Run | Scr Mat Min Exi Min Mat Total Allies 3 | . . . . 3 . Largest Group 3 | . . . . 3 3 Highest-Rated Group 40 | . . . . 40 40 Highest-Rated Ally 16 | . . . . 16 16 Total Orders . | . . . . . . Ally Attacks 49 | . . . . . 49 Total Damage 501 | . . . . . 501 Kills 7 | . . . . . 7 Allies Corrupted . | . . . . . . Allies Melted . | . . . . . . Intel | -11 -10 -10 -10 -9 -8 ------- Run | Scr Mat Min Exi Min Mat Robot Analysis Total . | . . . . . . Derelict Logs Recovered 1 | . . . . 1 . Drone Launches . | . . . . . . Drone Recoveries . | . . . . . . Exploration | -11 -10 -10 -10 -9 -8 ------------- Run | Scr Mat Min Exi Min Mat Turns Passed 3961 | 114 1314 450 547 220 1316 Spaces Moved 2232 | 73 641 272 456 179 611 Core 17 | 16 1 . . . . Treads 290 | . 290 . . . . Legs 1925 | 57 350 272 456 179 611 Wheels . | . . . . . . Hover . | . . . . . . Flight . | . . . . . . Fastest Speed 50 | 50 120 120 120 120 110 Average Speed 131 | 104 155 120 120 120 126 Slowest Speed 350 | 120 350 120 120 120 190 Overloaded Moves . | . . . . . . Propulsion Burnouts . | . . . . . . Robots Hopped . | . . . . . . Cave-ins Triggered . | . . . . . . Exploration Rate (%) 52 | 5 64 71 76 51 45 Regions Visited 5 Branch Regions 3 Pre-discovered Areas 1 | . . . . 1 . Known Exits Taken 1 | . 1 . . . . Unknown Exits Taken 4 | 1 . 1 1 1 . Scrap Searched 2 | . . 1 . 1 . Spaces Dug . | . . . . . . Terrain Destroyed 26 | . . . . . 26 Melee . | . . . . . . Projectile 26 | . . . . . 26 AOE . | . . . . . . Terrain Rammed . | . . . . . . Walls Destroyed . | . . . . . . Machines Disabled . | . . . . . . Actions | -11 -10 -10 -10 -9 -8 --------- Run | Scr Mat Min Exi Min Mat Total 3062 | 102 901 364 456 183 1056 Wait 481 | 6 158 50 . 3 264 Move 2227 | 72 640 271 455 178 611 Hop . | . . . . . . Pick Up 63 | 9 20 2 1 1 30 Fast Attach 1 | . . . . . 1 Attach 39 | 7 5 1 . . 26 Detach 4 | . . . . . 4 Swap 20 | . 7 3 . 1 9 Drop 26 | . 11 5 . . 10 Fire 196 | 8 59 32 . . 97 Melee . | . . . . . . Ram . | . . . . . . Kick 4 | . . . . . 4 Crush 1 | . 1 . . . . Escape Stasis . | . . . . . . Rewire . | . . . . . . Trap . | . . . . . . Miscellaneous . | . . . . . . Route ------- -11/Scrapyard -10/Materials (discovered 3 exits: [*Mat] / *Min x2) -10/Mines (discovered 2 exits: [*Mat] / *Exi) -10/Exiles -9/Mines -8/Materials History --------- Turn | Location | Event 4 | -11/Scrapyard | Discovered new exit (range 15) 115 | -11/Scrapyard | Entered Materials 313 | -10/Materials | Build established: Mutant 615 | -10/Materials | Discovered new exit (range 8) 760 | -10/Materials | Discovered new exit (range 13) 858 | -10/Materials | Identified exit to Mines 1295 | -10/Materials | Repaired Beam Cannon 1334 | -10/Materials | Repaired Broken Seismic Detector 1429 | -10/Materials | Entered Mines 1446 | -10/Mines | Found a hidden stash of uninstalled traps 1778 | -10/Mines | Assembled infested the area 1783 | -10/Mines | Assisted by a Guerilla fighting off Assembled 1849 | -10/Mines | Discovered new exit (range 6) 1874 | -10/Mines | Deemed a non-threat by the Exiles lab entrance 1874 | -10/Mines | Discovered new exit (range 5) 1879 | -10/Mines | Entered Exiles 1909 | -10/Exiles | Met 8R-AWN 1931 | -10/Exiles | Met EX-HEX 1977 | -10/Exiles | Met EX-DEC 2022 | -10/Exiles | Visited The Gauntlet 2104 | -10/Exiles | Met EX-BIN 2121 | -10/Exiles | Aligned with FarCom system 2122 | -10/Exiles | Given EX-Vault access code 2149 | -10/Exiles | Opened EX-Vault 2178 | -10/Exiles | Warned to stay clear of 0b10 Research branches 2305 | -10/Exiles | Found Prototype Energy Gun 2412 | -10/Exiles | Discovered new exit (range 14) 2426 | -10/Exiles | Left Exiles lab with AWS/Thermal 2426 | -10/Exiles | Entered Mines 2430 | -9/Mines | Assisted by bots powering up and referring to "LRC-V3" 2470 | -9/Mines | Learned location of Zion (-7) 2631 | -9/Mines | Discovered new exit (range 9) 2646 | -9/Mines | Entered Materials 2646 | -8/Materials | Accompanied by 3 allies 2646 | -8/Materials | Evolved 4 slots: Propulsion x1, Utility x3 2791 | -8/Materials | Identified AWS/Thermal 2995 | -8/Materials | Build established: Scavenger-Mutant 3351 | -8/Materials | Build established: Mutant 3540 | -8/Materials | Lost 3 parts (3u) 3705 | -8/Materials | Build established: Scavenger-Mutant 3761 | -8/Materials | Core integrity fell below 50% 3794 | -8/Materials | Core integrity fell below 20% 3819 | -8/Materials | Lost 8 parts (1p4n2u1w) 3831 | -8/Materials | Destroyed 7 combat bots 3962 | -8/Materials | Destroyed by L-31 Rogue with Katana Last Messages --------------- 03927_ K-01 Serf collects debris. 03927_ Particle Charger destroyed. 03929_ G-47 Trooper destroyed. 03929_ K-01 Serf collects debris. 03931_ Acquired VSS Leg. 03934_ K-01 Serf collects debris. 03935_ Acquired Nuclear Core. 03937_ K-01 Serf collects debris. 03939_ Acquired Hrd. Medium Armor Plating. 03941_ Dropped Aluminum Leg. 03941_ K-01 Serf collects debris. 03941_ Acquired 55 matter. 03950_ Kicked K-01 Serf. 03952_ C-30 ARC bursts open, deploying its payload. 03952_ L-31 Rogue unfolds itself. 03952_ G-47 Trooper unfolds itself. 03956_ K-01 Serf collects debris. 03959_ U-05 Engineer builds a Wall. 03960_ K-01 Serf collects debris. 03961_ Electrolysis Chamber disabled. Map ----- +----------------------------------------------------+ | | | | | | | | | | | ???????????????????????????????????????#?????????? | | ???????????????????????########################### | | ?????????????#######??## "T" | | ????????###### ####" | | #########"=#"# [ | | % %% !%% "" | | ############%[ %* [=% """ % | | ????????????## ####" """ %%%%% | | ?????????????#######??## k########+######+ | | ???????????????########## #??????#%% | | ???????????????# """ # "" ###????#= | | ???????????????# """ # """ ""#????#%! """ " | | ???????????????# """ + """ T"#????#[ """""" | | ???????????????# # ""#???## """"" | | ???????????????# # ###???# ! % | | ???????????????# ?# """ #?????## =""" | | ???????????????########?# """ #??????# """ | | ???????????????###??????# "" ####???# """ | | ???????????????# ????#!= % #???# [=% | | ???????????????# [a=###%! #???########+ | | ???????g???????# agk*g/!l@%%!! #?????????## | | ???????????# +% %u##;!=k = ########### | | ???????????# #" *=### = = r | | ???????????????# ??## ####+############# | | ???????????????####"#????# # #???????# | | ??????????????????##?????# # """"" #???????# | | ?????????????????????????# # """"" #???????# | | ?????????????H???????????# #= """"" #???????# | | ?????????????????????????# g # #???????# | | ?????????????????????????# # #???????# | | ?????????????????????????# + ""T"" #???????# | | ?????????????????????????# # """"" #???????# [ | | ?????????????????????????# # #???????# | | ?????????????????????????##+###########???????# | | ????????????????????????? ????????????????#### | | ???????????????????????# ?????????????????? | | ???????????????????????# *???????????????? | | ???????????????????????# #?????????????? | | ???????????????????????# #???????????### | | ???????????????????????# ! #???????????# | | ???????????????????????# #???????????# | | ???????????????????????#############???????????# " | | ???????????????????????????????????????????????# " | | ???????????????????????????????????????????????# " | | ???????????????????????????????##########??????# | +----------------------------------------------------+ Best States ------------- Heat Dissipation 53 Energy Generation 14 Energy Capacity 265 Matter Stores 300 Matter Capacity 300 Sight Range 18 Terrain Scan Density 10 Jamming Range 12 Armor Coverage 225 Weapon Shielding 33 Evasion (%) 55 Recoil Reduction 2 Particle Charging 22 Item Schematics ----------------- None Robot Schematics ------------------ None Fabricated ------------ Nothing Alien Tech Used ----------------- None Achievements -------------- Total Silence Challenges ------------ None Game ------ Seed ThermoelectricHelicalCycler Manual? 0 Play Time 00:51:22 Cumulative 24.4 hours Start 2022.10.15 @ 19:40:14 End 2022.10.15 @ 20:46:34 Sessions 1 Manual Loads 0 Difficulty Rogue Special Mode None Game No. 46 Rogue 46 Adventurer 0 Explorer 0 Win Type - Total 0 Types 0/0/0/0/0/0/0/0/0 Lore% 18 Gallery% 20 Achievement% 23 Wizard Run 0 Options --------- ASCII 0 Keyboard 0 Movement Mouse Keybinds 0 Fullscreen 2 Font 18/TerminusBold Map View 76x50 Tactical HUD 1 Map Filters NONE Filters NONE Steam 1 RUN: 748c7838-a006-4488-aaf9-282328a79760